ORI
UNIVERSITY OF OKLAHOMA SOONERS @ FLORIDA STATE UNIVERSITY SEMINOLES
08/03/2047
 
TOP OF THE 1ST
University of Oklahoma Sooners batting - Pitching for Florida State University Seminoles : RHP Bobby Rodriquez
Pitching: RHP Bobby Rodriquez
Batting: RHB Virgil Wenz 0-0: Foul Ball, location: 2F
0-1: Called Strike
0-2: Foul Ball, location: 2F
0-2: Ball
1-2: Foul Ball, location: 2F
1-2: Foul Ball, location: 2F
1-2: Ground out 6-3 (Groundball, 6, EV 81.9 MPH)
Batting: RHB Victor Borras 0-0: Ball
1-0: Called Strike
1-1: Ground out 5-3 (Groundball, 56S, EV 83.1 MPH)
Batting: RHB Jon Chatman 0-0: Called Strike
0-1: Called Strike
0-2: Ball
1-2: SINGLE (Line Drive, 78S, EV 106.9 MPH)
Batting: LHB Alex Gutierrez 0-0: Ball
1-0: Fly out, F7 (Line Drive, 7S, EV 98.8 MPH)
Top of the 1st over - 0 runs, 1 hit, 0 errors, 1 left on base; University of Oklahoma 0 - Florida State University 0
BOTTOM OF THE 1ST
Florida State University Seminoles batting - Pitching for University of Oklahoma Sooners : RHP Mike Lofgren
Pitching: RHP Mike Lofgren
Batting: RHB Larry Berge 0-0: Ball
1-0: Called Strike
1-1: Swinging Strike
1-2: Ball
2-2: Fly out, F5 (Line Drive, 56, EV 78.1 MPH)
Batting: LHB Brian Clayton 0-0: Ball
1-0: Foul Ball, location: 2F
1-1: Swinging Strike
1-2: Foul Ball, location: 2F
1-2: Ball
2-2: Strikes out swinging
Batting: LHB Jeff Shields 0-0: Ball
1-0: Foul Ball, location: 2F
1-1: Foul Ball, location: 2F
1-2: Ball
2-2: Fly out, F8 (Flyball, 8RXD, EV 105.6 MPH)
Bottom of the 1st over - 0 runs, 0 hits, 0 errors, 0 left on base; University of Oklahoma 0 - Florida State University 0
TOP OF THE 2ND
University of Oklahoma Sooners batting - Pitching for Florida State University Seminoles : RHP Bobby Rodriquez
Batting: RHB Ruben Arreola 0-0: Called Strike
0-1: Ball
1-1: Ground out 6-3 (Groundball, 6, EV 89.4 MPH)
Batting: LHB Cameron Marinelli 0-0: Ball
1-0: Swinging Strike
1-1: Foul Ball, location: 2F
1-2: SINGLE (Groundball, 34D, EV 97.5 MPH)
Batting: RHB Sam Mason 0-0: Ball
1-0: Called Strike
1-1: Ball
2-1: Swinging Strike
2-2: Strikes out swinging
Batting: RHB Eric Peterson Pickoff Play to 1st, Runner tries for 2nd, OUT after rundown.
Top of the 2nd over - 0 runs, 1 hit, 0 errors, 0 left on base; University of Oklahoma 0 - Florida State University 0
BOTTOM OF THE 2ND
Florida State University Seminoles batting - Pitching for University of Oklahoma Sooners : RHP Mike Lofgren
Batting: RHB Ed Vilches 0-0: Ball
1-0: Fly out, F9 (Line Drive, 9S, EV 97.5 MPH)
Batting: RHB Tony Valdez 0-0: Called Strike
0-1: Foul Ball, location: 2F
0-2: Ball
1-2: Foul Ball, location: 2F
1-2: Ball
2-2: Strikes out swinging
Batting: RHB Jonathan Bruni 0-0: Ball
1-0: Ball
2-0: Ball
3-0: Called Strike
3-1: Called Strike
3-2: Base on Balls
Batting: RHB Butch Huskey 0-0: Called Strike
0-1: SINGLE (Groundball, 6MD, EV 95.6 MPH)
Jonathan Bruni to second
Batting: RHB Washichi Goto 0-0: DOUBLE (Groundball, 5L, EV 104.4 MPH)
Jonathan Bruni scores
Butch Huskey to third
Runner from 3rd tries for Home, SAFE, throw by LF to home
Batting: RHB Ruben Moreno 0-0: Ball
1-0: Called Strike
1-1: 2-RUN HOME RUN (Line Drive, 7D, EV 113.8 MPH), Distance : 431 ft
Batting: RHB Larry Berge 0-0: Called Strike
0-1: Foul Ball, location: 2F
0-2: Ball
1-2: Foul Ball, location: 2F
1-2: Ground out 5-3 (Groundball, 56, EV 86.9 MPH)
Bottom of the 2nd over - 4 runs, 3 hits, 0 errors, 0 left on base; University of Oklahoma 0 - Florida State University 4
TOP OF THE 3RD
University of Oklahoma Sooners batting - Pitching for Florida State University Seminoles : RHP Bobby Rodriquez
Batting: RHB Eric Peterson 0-0: Swinging Strike
0-1: Ball
1-1: Called Strike
1-2: Ball
2-2: Foul Ball, location: 2F
2-2: Ground out 6-3 (Groundball, 6, EV 106.2 MPH)
Batting: LHB Toby Clark 0-0: Called Strike
0-1: Ground out 4-3 (Groundball, 4MD, EV 89.4 MPH)
Batting: RHB Virgil Wenz 0-0: Swinging Strike
0-1: Ground out 6-3 (Groundball, 6, EV 86.9 MPH)
Top of the 3rd over - 0 runs, 0 hits, 0 errors, 0 left on base; University of Oklahoma 0 - Florida State University 4
BOTTOM OF THE 3RD
Florida State University Seminoles batting - Pitching for University of Oklahoma Sooners : RHP Mike Lofgren
Pitching: RHP Doug Hafer
Batting: LHB Brian Clayton 0-0: Ball
1-0: Called Strike
1-1: Swinging Strike
1-2: Ball
2-2: Ground out U3 (Groundball, 3L, EV 87.5 MPH)
Batting: LHB Jeff Shields 0-0: Ball
1-0: Ball
2-0: Called Strike
2-1: SINGLE (Groundball, 4MD, EV 93.8 MPH)
Batting: RHB Ed Vilches 0-0: Called Strike
0-1: Swinging Strike
0-2: Foul Ball, location: 2F
0-2: Strikes out looking
Batting: RHB Tony Valdez 0-0: Fly out, F7 (Flyball, 78S, EV 75.0 MPH)
Bottom of the 3rd over - 0 runs, 1 hit, 0 errors, 1 left on base; University of Oklahoma 0 - Florida State University 4
TOP OF THE 4TH
University of Oklahoma Sooners batting - Pitching for Florida State University Seminoles : RHP Bobby Rodriquez
Batting: RHB Victor Borras 0-0: Ball
1-0: Ball
2-0: Ball
3-0: Called Strike
3-1: Base on Balls
Batting: RHB Jon Chatman 0-0: Fielders Choice at 2nd, 5-4 (Groundball, 5, EV 110.0 MPH)
Batting: LHB Alex Gutierrez 0-0: Called Strike
Jon Chatman steals 2nd base
0-1: 2-RUN HOME RUN (Flyball, 7LD, EV 100.0 MPH), Distance : 372 ft
Batting: RHB Ruben Arreola 0-0: Swinging Strike
0-1: Swinging Strike
0-2: Ball
1-2: Ground out 6-3 (Groundball, 6, EV 79.4 MPH)
Batting: LHB Cameron Marinelli 0-0: Ball
1-0: Foul Ball, location: 2F
1-1: Called Strike
1-2: Ball
2-2: Foul Ball, location: 2F
2-2: Ground out 4-3 (Groundball, 4, EV 102.5 MPH)
Top of the 4th over - 2 runs, 1 hit, 0 errors, 0 left on base; University of Oklahoma 2 - Florida State University 4
BOTTOM OF THE 4TH
Florida State University Seminoles batting - Pitching for University of Oklahoma Sooners : RHP Doug Hafer
Batting: RHB Jonathan Bruni 0-0: Swinging Strike
0-1: Ball
1-1: Called Strike
1-2: Strikes out looking
Batting: RHB Butch Huskey 0-0: Called Strike
0-1: Foul Ball, location: 2F
0-2: Strikes out looking
Batting: RHB Washichi Goto 0-0: Foul Ball, location: 2F
0-1: Ball
1-1: Foul Ball, location: 2F
1-2: Ball
2-2: Ball
3-2: Base on Balls
Pitching: LHP Brandon Lahoda
Batting: RHB Ruben Moreno 0-0: Ball
1-0: Ground out 5-3 (Groundball, 56S, EV 90.6 MPH)
Bottom of the 4th over - 0 runs, 0 hits, 0 errors, 1 left on base; University of Oklahoma 2 - Florida State University 4
TOP OF THE 5TH
University of Oklahoma Sooners batting - Pitching for Florida State University Seminoles : RHP Bobby Rodriquez
Batting: RHB Sam Mason 0-0: Called Strike
0-1: Foul Ball, location: 2F
0-2: Fly out, F9 (Flyball, 9LM, EV 112.5 MPH)
Batting: RHB Eric Peterson 0-0: Swinging Strike
0-1: Called Strike
0-2: Ground out 6-3 (Groundball, 6, EV 86.9 MPH)
Batting: LHB Toby Clark 0-0: Swinging Strike
0-1: Ball
1-1: Ball
2-1: Called Strike
2-2: Ball
3-2: Base on Balls
Pinch Hitting: LHB Alex Benabides 0-0: Foul Ball, location: 2F
0-1: Swinging Strike
0-2: Foul Ball, location: 2F
0-2: Strikes out swinging
Top of the 5th over - 0 runs, 0 hits, 0 errors, 1 left on base; University of Oklahoma 2 - Florida State University 4
BOTTOM OF THE 5TH
Florida State University Seminoles batting - Pitching for University of Oklahoma Sooners : LHP Brandon Lahoda
Now at 1B: Sugiarto Kartosuwiryo
Now at 2B: Myles Sabine
Now in LF: Alex Benabides
Now in CF: Kjeld Leen
Pinch Hitting: RHB J.R. Harvey 0-0: Ball
1-0: Foul Ball, location: 2F
1-1: Ball
2-1: Foul Ball, location: 2F
2-2: SINGLE (Line Drive, 34, EV 100.6 MPH)
Batting: LHB Brian Clayton 0-0: Called Strike
0-1: Fielders Choice at 2nd, 6-4 (Groundball, 6M, EV 88.8 MPH)
Batting: LHB Jeff Shields
Pinch Hitting: SHB Jason Farr 0-0: Ball
1-0: Foul Ball, location: 2F
1-1: Fly out, F8 (Line Drive, 89M, EV 108.8 MPH)
Pinch Hitting: SHB Jon Odle 0-0: Called Strike
0-1: Ball
1-1: Ball
2-1: Foul Ball, location: 2F
2-2: Ball
3-2: Ground out 6-3 (Groundball, 6M, EV 78.8 MPH)
Bottom of the 5th over - 0 runs, 1 hit, 0 errors, 1 left on base; University of Oklahoma 2 - Florida State University 4
TOP OF THE 6TH
University of Oklahoma Sooners batting - Pitching for Florida State University Seminoles : RHP Bobby Rodriquez
Pitching: RHP John Woodford
Now at 1B: John Hunt
Now at 2B: George Smienk
Now at 3B: John Welsh
Now at SS: Ethan Ware
Batting: RHB Sugiarto Kartosuwiryo 0-0: Called Strike
0-1: Ball
1-1: Called Strike
1-2: Strikes out swinging
Batting: RHB Jon Chatman 0-0: Called Strike
0-1: Ball
1-1: Ball
2-1: Ball
3-1: Foul Ball, location: 2F
3-2: Base on Balls
Pinch Hitting: LHB Paul Mooris 0-0: Called Strike
Jon Chatman steals 2nd base
0-1: Ball
1-1: Ground out 3-1 (Groundball, 34, EV 98.8 MPH)
Jon Chatman to third
Batting: LHB Jon Terrones 0-0: Called Strike
0-1: Ball
1-1: Ball
2-1: Ball
3-1: Base on Balls
Pinch Hitting: LHB Pedro Marrero 0-0: Called Strike
0-1: Swinging Strike
0-2: Ball
1-2: Reached via error on a dropped throw from SS, E4 (Groundball, 6, EV 81.2 MPH)
Jon Chatman scores
Jon Terrones to second
Pinch Hitting: RHB Jon Hubbard 0-0: Ball
1-0: Called Strike
1-1: Ball
2-1: Swinging Strike
2-2: Ground out 4-3 (Groundball, 4S, EV 81.2 MPH)
Top of the 6th over - 1 run, 0 hits, 1 error, 2 left on base; University of Oklahoma 3 - Florida State University 4
BOTTOM OF THE 6TH
Florida State University Seminoles batting - Pitching for University of Oklahoma Sooners : LHP Brandon Lahoda
Now at C: Jason Higgins
Now at SS: Jon Hubbard
Now in LF: Paul Mooris
Now in CF: Pedro Marrero
Now in RF: Alex Benabides
Batting: RHB Tony Valdez 0-0: Foul Ball, location: 2F
0-1: Ball
1-1: Foul Ball, location: 2F
1-2: Ball
2-2: Ground out 6-3 (Groundball, 6, EV 83.1 MPH)
Batting: LHB John Doiron 0-0: Ball
1-0: Ball
2-0: Called Strike
2-1: Foul Ball, location: 2F
2-2: Foul Ball, location: 2F
2-2: Fly out, F7 (Flyball, 78S, EV 81.9 MPH)
Pinch Hitting: RHB Ray Johnson 0-0: Called Strike
0-1: Ball
1-1: Foul Ball, location: 2F
1-2: Strikes out looking
Bottom of the 6th over - 0 runs, 0 hits, 0 errors, 0 left on base; University of Oklahoma 3 - Florida State University 4
TOP OF THE 7TH
University of Oklahoma Sooners batting - Pitching for Florida State University Seminoles : RHP John Woodford
Now in RF: Emilio Guerra
Pinch Hitting: LHB Min-zhong Ching 0-0: Called Strike
0-1: Reached on error, E6 (Groundball, 6M, EV 86.2 MPH)
Batting: LHB Toby Clark 0-0: Bunt missed!
0-1: Bunt missed!
0-2: Ball
1-2: Fly out, F8 (Flyball, 8LD, EV 99.4 MPH)
Pinch Hitting: SHB Orlando Uribe 0-0: Called Strike
0-1: Ball
1-1: Foul Ball, location: 2F
1-2: Ball
2-2: Foul Ball, location: 2F
2-2: Ball
3-2: Base on Balls
Min-zhong Ching to second
Batting: RHB Sugiarto Kartosuwiryo 0-0: Ball
1-0: Ball
2-0: Swinging Strike
2-1: Ball
3-1: Foul Ball, location: 2F
3-2: Foul Ball, location: 2F
3-2: Strikes out looking
Batting: RHB Jason Higgins 0-0: Called Strike
0-1: Called Strike
0-2: Ball
1-2: Strikes out swinging
Top of the 7th over - 0 runs, 0 hits, 1 error, 2 left on base; University of Oklahoma 3 - Florida State University 4
BOTTOM OF THE 7TH
Florida State University Seminoles batting - Pitching for University of Oklahoma Sooners : LHP Brandon Lahoda
Pitching: LHP Billy Bradburn
Now at 2B: Benedetto Legnano
Now in RF: Orlando Uribe
Batting: LHB Ethan Ware 0-0: Foul Ball, location: 2F
0-1: Ball
1-1: Ground out 4-3 (Groundball, 4, EV 105.0 MPH)
Pinch Hitting: LHB Matt Stewart 0-0: Ball
1-0: Ball
2-0: Ball
3-0: Called Strike
3-1: Base on Balls
Batting: RHB George Smienk 0-0: Ball
1-0: Foul Ball, location: 2F
1-1: SINGLE (Groundball, 6S, EV 65.6 MPH) (infield hit)
Matt Stewart to second
Batting: LHB Brian Clayton 0-0: Ball
1-0: Ball
2-0: Ball
3-0: Called Strike
3-1: Fielders Choice at 2nd, 4-6 (Groundball, 4, EV 76.9 MPH)
Matt Stewart to third
Batting: SHB John Welsh 0-0: Ball
1-0: Foul Ball, location: 2F
1-1: Ball
2-1: Foul Ball, location: 2F
2-2: Ball
3-2: Strikes out swinging
Bottom of the 7th over - 0 runs, 1 hit, 0 errors, 2 left on base; University of Oklahoma 3 - Florida State University 4
TOP OF THE 8TH
University of Oklahoma Sooners batting - Pitching for Florida State University Seminoles : RHP John Woodford
Pitching: RHP Jaivaha Nagpal
Now in LF: Bill Christiansen
Batting: LHB Paul Mooris 0-0: Called Strike
0-1: Foul Ball, location: 2F
0-2: Strikes out looking
Batting: LHB Jon Terrones 0-0: Ball
1-0: Swinging Strike
1-1: Ball
2-1: Foul Ball, location: 2F
2-2: Foul Ball, location: 2F
2-2: Strikes out looking
Batting: LHB Pedro Marrero 0-0: Ball
1-0: Ball
2-0: Ball
3-0: Called Strike
3-1: Called Strike
3-2: Ground out U3 (Groundball, 3, EV 101.2 MPH)
Top of the 8th over - 0 runs, 0 hits, 0 errors, 0 left on base; University of Oklahoma 3 - Florida State University 4
BOTTOM OF THE 8TH
Florida State University Seminoles batting - Pitching for University of Oklahoma Sooners : LHP Billy Bradburn
Pitching: LHP Chris Taggart
Batting: RHB John Hunt 0-0: Called Strike
0-1: Called Strike
0-2: Ball
1-2: Foul Ball, location: 2F
1-2: Ball
2-2: Foul Ball, location: 2F
2-2: Ball
3-2: Base on Balls
Pinch Hitting: LHB Hastings Miller 0-0: Ball
John Hunt is caught stealing 2nd base 2-6
1-0: Foul Ball, location: 2F
1-1: Ball
2-1: Foul Ball, location: 2F
2-2: Foul Ball, location: 2F
2-2: Strikes out swinging
Batting: LHB John Doiron 0-0: Called Strike
0-1: Swinging Strike
0-2: Strikes out swinging
Bottom of the 8th over - 0 runs, 0 hits, 0 errors, 0 left on base; University of Oklahoma 3 - Florida State University 4
TOP OF THE 9TH
University of Oklahoma Sooners batting - Pitching for Florida State University Seminoles : RHP Jaivaha Nagpal
Pitching: RHP Jerry Strickland
Now at C: Matt Derry
Now at 1B: John Welsh
Now at 3B: Randy Bartlett
Pinch Hitting: RHB David Stuckey 0-0: Foul Ball, location: 2F
0-1: Fly out, F8 (Flyball, 8RXD, EV 101.2 MPH)
Batting: SHB Benedetto Legnano 0-0: Called Strike
0-1: Swinging Strike
0-2: Ball
1-2: Ball
2-2: Foul Ball, location: 2F
2-2: Foul Ball, location: 2F
2-2: Ball
3-2: Foul Ball, location: 2F
3-2: Strikes out swinging
Batting: LHB Toby Clark 0-0: Swinging Strike
0-1: Ground out 6-3 (Groundball, 6, EV 104.4 MPH)
Top of the 9th over - 0 runs, 0 hits, 0 errors, 0 left on base; University of Oklahoma 3 - Florida State University 4
Thursday, December 15th , 2022 - OOTP Baseball 23.9 Build 102